Map: Crête de Lerilak

Players

Boris

  • Race: Terran Terran
  • Spawn Location: 1:00

zidar - Winner!

  • Race: Zerg Zerg
  • League: Silver
  • Spawn Location: 5:00

VOD

Have the link to the VOD?

Description

Time

  • Played on: Jan. 14, 2016, 2:58 p.m.
  • Length: 13:05
Show
View Real Time Build Order
Export as new Build Order

Boris Terran 

Build Orders:  

Get SALT Encoding   

  12  0:02  SCV  
  13  0:19  Supply Depot  
  13  0:24  Refinery  
  13  0:25  SCV  
  14  0:46  Barracks  
  14  0:48  SCV  
  15  1:00  SCV  
  16  1:28  Command Center  
  16  1:33  Barracks Reactor  
  16  1:42  Supply Depot  
  16  1:46  SCV  
  17  1:59  Orbital Command  
  17  2:12  Marine x2  
  19  2:25  SCV  
  20  2:30  Marine x2  
  20  2:35  Factory  
  22  2:41  Orbital Command  
  22  2:50  SCV  
  23  2:54  Marine x2  
  25  3:02  SCV  
  26  3:12  Marine x2  
  28  3:15  Barracks  
  28  3:18  Factory Tech Lab  
  28  3:23  Starport  
  28  3:25  Engineering Bay  
  28  3:30  Refinery  
  28  3:33  Supply Depot  
  28  3:39  SCV x2  
  30  3:55  Siege Tank  
  33  4:04  Missile Turret  
  33  4:05  Missile Turret  
  33  4:11  Starport Reactor  
  33  4:21  Barracks Reactor  
  33  4:22  Marine x2  
  35  4:27  Siege Tank  
  34  4:40  Marine x2  
  31  4:51  SCV x2  
  33  5:03  SCV x2  
  35  5:07  Medivac  
  35  5:08  Medivac  
  39  5:15  SCV  
  41  5:22  Orbital Command  
  41  5:27  SCV  
  41  5:37  Medivac  
  41  5:39  SCV  
  44  5:51  SCV  
  45  6:02  Siege Tank  
  45  6:03  SCV  
  49  6:06  Marine  
  49  6:07  Marine x3  
  49  6:10  SCV  
  54  6:19  Supply Depot  
  54  6:23  Supply Depot  
  54  6:26  Marine x4  
  54  6:27  SCV x2  
  54  6:28  Supply Depot  
  60  6:37  Refinery  
  60  6:39  SCV x2  
  62  6:40  Siege Tank  
  62  6:41  Refinery  
  62  6:44  Marine x4  
  69  6:51  SCV x2  
  69  6:52  Medivac x2  
  75  6:57  Terran Infantry Weapons Level 1  
  75  7:03  SCV x2  
  77  7:14  Marine  
  77  7:15  Marine x2, SCV x2  
  82  7:29  Marine  
  83  7:32  Marine  
  83  7:33  Marine x2  
  86  7:47  Marine  
  86  7:50  Marine  
  88  7:51  Marine  
  88  7:52  Marine  
  90  8:05  Marine  
  91  8:08  Marine  
  91  8:09  Marine  
  91  8:10  Marine  
  94  8:55  Supply Depot  
  94  8:57  Supply Depot  
  94  9:03  Marine x4, Siege Tank  
  66  10:14  Marine  
  63  10:20  Marine  
  63  10:21  Marine x2  
  67  10:32  Marine  
  68  10:38  Marine  
  68  10:39  Marine x2  
  59  10:49  Marine, Siege Tank  
  62  10:56  Marine x2  
  62  10:57  Marine  
  66  11:07  Marine  
  67  11:14  Marine x3  
  70  11:21  Siege Tank  
  70  11:23  Command Center  
  70  11:25  Marine  
  74  11:32  Marine x3  
  76  11:47  Command Center  
  76  11:49  Marine  
  76  11:50  Marine x3  
  76  11:53  Siege Tank  
  83  11:59  Medivac  
  83  12:00  Barracks, Medivac  
  87  12:01  Barracks  
  87  12:02  Barracks  
  87  12:07  Marine x2  
  87  12:08  Marine x2  
  91  12:25  Marine x3, Siege Tank  
  91  12:26  Marine  
  91  12:29  Medivac  
  100  12:30  Medivac  
  102  12:39  Supply Depot  
  102  12:43  Marine x4  
  106  12:48  Missile Turret  
Show
View Real Time Build Order
Export as new Build Order

zidar Zerg - Winner!

Build Orders: Hatch First 

Get SALT Encoding   

  12  0:02  Drone  
  13  0:12  Overlord  
  13  0:20  Drone  
  14  0:30  Drone x2  
  14  0:34  Drone  
  17  0:57  Hatchery  
  17  0:58  Drone  
  17  1:03  Extractor  
  17  1:04  Drone  
  17  1:21  Spawning Pool  
  17  1:22  Drone  
  17  1:30  Drone  
  18  1:33  Overlord  
  18  1:41  Drone  
  19  1:59  Overlord  
  19  2:01  Drone  
  20  2:07  Queen  
  22  2:10  Queen  
  24  2:18  Metabolic Boost  
  25  2:37  Zergling x8  
  25  2:39  Zergling x2  
  25  2:42  Zergling x2  
  30  3:03  Evolution Chamber  
  29  3:07  Lair  
  29  3:13  Extractor  
  29  3:15  Overlord  
  29  3:18  Drone x3  
  31  3:44  Extractor x2  
  29  4:10  Evolution Chamber  
  29  4:17  Evolution Chamber  
  27  4:22  Drone x13  
  35  5:10  Drone  
  35  5:11  Drone x7  
  43  5:17  Hatchery  
  42  5:27  Zerg Ground Armor Level 1, Zerg Melee Weapons Level 1  
  42  5:36  Drone  
  42  5:38  Roach Warren  
  42  5:40  Overlord  
  41  5:50  Drone x2  
  41  5:51  Drone  
  44  5:57  Infestation Pit  
  43  6:07  Baneling Nest  
  42  6:11  Drone x3  
  45  6:35  Pneumatized Carapace  
  45  6:39  Zergling x10  
  50  6:40  Zergling x4  
  50  6:46  Hive  
  52  7:07  Roach  
  52  7:08  Roach x2  
  58  7:12  Overlord x3  
  58  7:13  Overlord x2  
  58  7:24  Zerg Ground Armor Level 2  
  58  7:36  Queen  
  53  8:37  Centrifical Hooks  
  53  8:41  Zergling x8  
  54  8:42  Zergling x38  
  54  8:45  Queen  
  78  8:59  Zerg Melee Weapons Level 2  
  78  9:04  Adrenal Glands  
  78  9:14  Ultralisk Cavern  
  77  9:18  Overlord  
  77  9:19  Overlord x4  
  77  9:20  Overlord  
  77  9:23  Baneling  
  77  9:24  Baneling x6  
  77  9:25  Baneling  
  77  9:26  Baneling x3  
  73  9:49  Zergling x18  
  53  10:15  Baneling  
  53  10:16  Baneling x7  
  53  10:25  Ultralisk  
  53  10:26  Ultralisk x3  
  53  10:27  Ultralisk  
  83  10:32  Chitinous Plating  
  77  10:59  Hatchery  
  76  11:15  Queen  
  78  11:22  Ultralisk  
  83  11:47  Ultralisk x2  
  83  11:50  Zergling x12  
  101  12:17  Ultralisk  
  101  12:18  Zergling x2  
  108  12:25  Hatchery  
Tags
 
League
Silver
Matchup
TvZ
Spawn Locations
Close Positions
Add a new tag
Caveats
  • Supply blocks, unpowered buildings, or Contaminate may cause inaccurate times.
  • Supply counts are checked every 10 seconds.